 Dungeon Crawl Stone Soup version 0.20.1-1-g8b1a95d (webtiles) character file.

3431 Vodalian the Fighter (level 9, 0/82 HPs)
             Began as a Minotaur Fighter on Nov 20, 2017.
             Was a Believer of Okawaru.
             Slain by a two-headed ogre
             ... wielding a +0 giant club
              (8 damage)
             ... on level 8 of the Dungeon on Nov 21, 2017.
             The game lasted 00:36:43 (6649 turns).

Vodalian the Fighter (Minotaur Fighter)             Turns: 6649, Time: 00:36:43

Health: 0/82       AC: 12    Str: 22    XL:     9   Next: 77%
Magic:  11/11      EV:  7    Int:  7    God:    Okawaru [**....]
Gold:   297        SH: 11    Dex: 16    Spells: 10/12 levels left

rFire    + . .     SeeInvis .   y - +1 war axe (elec)
rCold    . . .     Gourm    .   c - +0 shield
rNeg     . . .     Faith    .   M - +0 plate armour
rPois    +         Spirit   .   (helmet restricted)
rElec    .         Reflect  .   (no cloak)
rCorr    .         Harm     .   (no gloves)
MR       .....                  (no boots)
Stlth    ..........             (no amulet)
Regen    0.3/turn               e - ring of poison resistance
MPRegen  0.2/turn               H - ring of the Greedy {rPois rF+ Int+2 Dex+4}

@: no status effects
A: retaliatory headbutt, horns 2
a: Heroism, Renounce Religion


You were on level 8 of the Dungeon.
You worshipped Okawaru.
Okawaru was pleased with you.
You were hungry.

You visited 2 branches of the dungeon, and saw 9 of its levels.

You collected 414 gold pieces.
You spent 117 gold pieces at shops.

Inventory:

Hand Weapons
 s - a +7 club
 y - a +1 war axe of electrocution (weapon)
 A - a +3 falchion of holy wrath
 L - a +0 battleaxe
Armour
 c - a +0 shield (worn)
 M - a +0 plate armour (worn)
Jewellery
 a - an uncursed ring of magical power
 e - a ring of poison resistance (left hand)
 l - an uncursed ring of see invisible
 o - an uncursed ring of stealth
 w - an uncursed ring of resist corrosion
 H - the ring of the Greedy (right hand) {rPois rF+ Int+2 Dex+4}
   (You found it on level 6 of the Dungeon)

   [ring of intelligence]

   It affects your intelligence (+2).
   It affects your dexterity (+4).
   It protects you from fire.
   It protects you from poison.
Wands
 k - a wand of acid (4/15)
 u - a wand of enslavement (10/24)
 x - a wand of random effects (24/48)
 C - a wand of flame (48/48)
 G - a wand of confusion (14/48)
Scrolls
 g - 7 scrolls of identify
 i - 4 scrolls of teleportation
 q - 3 scrolls of enchant weapon
 v - 2 scrolls of remove curse
 I - a scroll of magic mapping
 K - a scroll of fog
Potions
 d - 2 potions of might
 h - a potion of agility
 n - 3 potions of cancellation
 t - 7 potions of curing
 B - a potion of resistance {unknown}
 F - a potion of degeneration {unknown}
 J - a potion of mutation {unknown}
Books
 b - a book of Air

   Spells                             Type                      Level
   a - Shock                          Conjuration/Air              1
   b - Swiftness                      Charms/Air                   2
   c - Static Discharge               Conjuration/Air              3
   d - Airstrike                      Air                          4
   e - Lightning Bolt                 Conjuration/Air              5
 z - a book of Conjurations

   Spells                             Type                      Level
   a - Magic Dart                     Conjuration                  1
   b - Searing Ray                    Conjuration                  2
   c - Dazzling Spray                 Conjuration/Hexes            3
   d - Fulminant Prism                Conjuration/Hexes            4
   e - Force Lance                    Conjuration/Translocation    4
   f - Iskenderun's Mystic Blast      Conjuration                  4
 D - a book of Callings

   Spells                             Type                      Level
   a - Summon Small Mammal            Summoning                    1
   b - Call Imp                       Summoning                    2
   c - Call Canine Familiar           Summoning                    3
   d - Summon Guardian Golem          Hexes/Summoning              3
   e - Summon Lightning Spire         Summoning/Air                4
   f - Summon Ice Beast               Ice/Summoning                4
Comestibles
 f - 4 bread rations
 j - 5 fruits
 p - 6 meat rations
 r - 3 royal jellies


   Skills:
 * Level 8.4 Fighting
 * Level 8.2 Axes
 + Level 6.2 Armour
 + Level 4.4 Dodging
 + Level 6.8 Shields
 + Level 2.1 Spellcasting
 + Level 2.1 Conjurations
 + Level 2.7 Summonings
 + Level 3.0 Evocations


You had 10 spell levels left.
You knew the following spells:

 Your Spells              Type           Power        Failure   Level  Hunger
a - Summon Small Mammal   Summ           #...         99%         1    ##.....
b - Magic Dart            Conj           #...         100%        1    ##.....


Dungeon Overview and Level Annotations

Branches:
Dungeon (8/15)             Temple (1/1) D:6
   Lair: D:8-11

Altars:
Ashenzari
Cheibriados
Dithmenos
Elyvilon
Fedhas
Gozag
Hepliaklqana
Kikubaaqudgha
Makhleb
Nemelex Xobeh
Okawaru
Qazlal
Ru
Sif Muna
Trog
Uskayaw
Vehumet
Xom
Yredelemnul
Zin

Shops:
D:5 (

Annotations:
D:7 exclusion: ice statue


Innate Abilities, Weirdness & Mutations

You reflexively headbutt those who attack you in melee.
You have a pair of horns on your head.


Message History

The two-headed ogre is heavily wounded.
The two-headed ogre hits you with a giant club!! x2
* * * LOW HITPOINT WARNING * * *
You hit the two-headed ogre but do no damage.
The two-headed ogre is heavily wounded.
The two-headed ogre hits you but does no damage.
You block the two-headed ogre's attack.
You slash the two-headed ogre!
The two-headed ogre is severely wounded.
You block the two-headed ogre's attack. x2
Your shield and plate armour prevent you from hitting the two-headed ogre.
The two-headed ogre is severely wounded.
You block the two-headed ogre's attack.
The two-headed ogre hits you with a giant club!
* * * LOW HITPOINT WARNING * * *
You hit the two-headed ogre.
The two-headed ogre is severely wounded.
You block the two-headed ogre's attack.
The two-headed ogre hits you with a giant club!
You die...

.<.).....
........##
.........#######..
...._.............
..................
....$..<..........
..................
..........O.......
#......##@†.......
..................
#########.........
#.........
##########


You could see a two-headed ogre.

Vanquished Creatures
  Psyche (D:8)
  A hungry ghost (D:7)
  A water moccasin (D:8)
  A sky beast (D:6)
  An orc warrior (D:7)
  An ice beast (D:6)
  6 ogres
  3 centaurs
  A big kobold (D:7)
  2 bullfrogs
  A scorpion (D:6)
  3 jellies
  4 killer bees (D:7)
  3 howler monkeys
  2 crimson imps (D:5)
  4 orc priests
  4 hounds
  A gnoll shaman (D:4)
  6 orc wizards
  5 iguanas
  8 worker ants
  A killer bee zombie (D:7)
  The ghost of dscm the Skirmisher, a weakling DsFi (D:4)
  A worker ant zombie (D:6)
  Robin (D:2)
  6 adders
  15 gnolls
  An adder skeleton (D:6)
  2 worms (D:2)
  3 dart slugs
  3 leopard geckos
  18 orcs
  10 bats
  4 giant cockroaches
  21 goblins
  6 hobgoblins
  4 jackals
  5 quokkas
  2 ball pythons
  A frilled lizard (D:2)
  A giant cockroach zombie (D:6)
  A jackal zombie (D:5)
  10 kobolds
  A quokka skeleton (D:7)
  3 rats
180 creatures vanquished.

Notes
Turn   | Place    | Note
-------+----------+-------------------------------------------
     0 | D:1      | Vodalian the Minotaur Fighter began the quest for the Orb.
     0 | D:1      | Reached XP level 1. HP: 19/19 MP: 0/0
    92 | D:1      | Reached XP level 2. HP: 22/27 MP: 1/1
   813 | D:2      | Reached XP level 3. HP: 33/33 MP: 2/2
   936 | D:2      | Noticed a hand axe
   937 | D:2      | Found a hide-covered altar of Uskayaw.
   938 | D:2      | Noticed a dagger
  1002 | D:2      | Noticed Robin
  1016 | D:2      | Killed Robin
  1016 | D:2      | Reached XP level 4. HP: 18/41 MP: 3/3
  1261 | D:2      | Reached skill level 1 in Dodging
  1310 | D:2      | Found an ancient bone altar of Kikubaaqudgha.
  1657 | D:3      | Reached XP level 5. HP: 47/47 MP: 4/4
  1998 | D:3      | Found a blossoming altar of Fedhas.
  2162 | D:3      | Found a shimmering altar of Xom.
  2559 | D:4      | Reached skill level 5 in Fighting
  2589 | D:4      | Reached XP level 6. HP: 30/56 MP: 5/5
  2952 | D:4      | Reached skill level 5 in Axes
  3395 | D:4      | Learned a level 1 spell: Summon Small Mammal
  3434 | D:4      | Noticed dscm's ghost (weakling DsFi)
  3442 | D:4      | Killed dscm's ghost
  3454 | D:4      | Reached skill level 5 in Shields
  3454 | D:4      | Reached XP level 7. HP: 56/63 MP: 6/6
  3918 | D:5      | Entered Level 5 of the Dungeon
  3943 | D:5      | Reached skill level 5 in Armour
  4206 | D:5      | Found Rufeon's Antique Weapon Shoppe.
  4211 | D:5      | Bought a glowing war axe for 117 gold pieces
  4241 | D:5      | Reached skill level 1 in Evocations
  4404 | D:5      | Reached skill level 1 in Spellcasting
  4404 | D:5      | Reached skill level 1 in Summonings
  4406 | D:5      | Reached XP level 8. HP: 66/71 MP: 8/8
  5048 | D:6      | Learned a level 1 spell: Magic Dart
  5060 | D:6      | Found a staircase to the Ecumenical Temple.
  5075 | Temple   | Entered the Ecumenical Temple
  5255 | Temple   | Became a worshipper of Warmaster Okawaru
  5482 | D:6      | Got a wavering bone ring
  5740 | D:7      | Reached * piety under Okawaru
  5892 | D:7      | Reached XP level 9. HP: 61/79 MP: 10/10
  5960 | D:7      | Reached skill level 1 in Conjurations
  6079 | D:7      | Noticed an ice statue
  6147 | D:7      | Reached ** piety under Okawaru
  6168 | D:7      | Identified the ring of the Greedy {rPois rF+ Int+2 Dex+4} (You found it on level 6 of the Dungeon)
  6624 | D:8      | Found a snail-covered altar of Cheibriados.
  6624 | D:8      | Noticed Psyche
  6635 | D:8      | Killed Psyche
  6637 | D:8      | Noticed a two-headed ogre
  6649 | D:8      | Slain by a two-headed ogre

Skill      XL: |  1  2  3  4  5  6  7  8  9 |
---------------+----------------------------+-----
Fighting       | 4 5 6 7 8 |  8.4
Shields        | 4 5 6 |  6.8
Axes           | 3 4 5 6 7 8 |  8.2
Armour         | 4 5 6 |  6.2
Dodging        | 1 2 3 4 |  4.4
Evocations     | 1 2 3 |  3.0
Spellcasting   | 1 2 |  2.1
Summonings     | 1 2 |  2.7
Conjurations   | 2 |  2.1

Action                   |  1- 3 |  4- 6 |  7- 9 || total
-------------------------+-------+-------+-------++-------
Melee: War axe           |    85 |   154 |   215 ||   454
       Headbutt          |     9 |    27 |    40 ||    76
Invok: Heroism           |       |       |     1 ||     1
  Use: Scroll            |       |     9 |     4 ||    13
       Potion            |       |     6 |     1 ||     7
  Eat: Chunk             |       |     8 |    12 ||    20
Armor: Scale mail        |    46 |    46 |    20 ||   112
       Chain mail        |       |       |    36 ||    36
       Plate armour      |       |       |    18 ||    18
Dodge: Dodged            |    32 |    60 |    63 ||   155
Block: Shield            |    48 |    85 |   129 ||   262
